 Dungeon Crawl Stone Soup version 0.27.0-1-g7a089689b8 (webtiles) character file.

Game seed: 7661725000050268408

2955 SnakkuSnakku7 the Spear-Bearer (level 9, -4/81 HPs)
             Began as a Minotaur Monk on Aug 11, 2021.
             Was a Believer of Okawaru.
             Killed from afar by a steam dragon (8 damage)
             ... with a ball of steam
             ... while petrified by a catoblepas
             ... on level 8 of the Dungeon.
             The game lasted 00:08:43 (6638 turns).

SnakkuSnakku7 the Spear-Bearer (Minotaur Monk)      Turns: 6638, Time: 00:08:44

Health: -4/81      AC: 10    Str: 20    XL:     9   Next: 52%
Magic:  8/8        EV:  2    Int:  7    God:    Okawaru [**....]
Gold:   298        SH:  0    Dex: 12    Spells: 8/8 levels left

rFire    . . .     SeeInvis .   a - +3 trident
rCold    . . .     Faith    .   C - +0 kite shield
rNeg     + + +     Spirit   .   G - +0 plate armour
rPois    ∞         Reflect  +   (helmet restricted)
rElec    .         Harm     .   (no cloak)
rCorr    .         Rampage  .   (no gloves)
Will     .....                  (no boots)
Stlth    ..........             z - amulet of reflection
HPRegen  0.23/turn              (no ring)
MPRegen  0.11/turn              (no ring)

@: petrified
A: horns 2, retaliatory headbutt
a: Renounce Religion, Heroism


You were on level 8 of the Dungeon.
You worshipped Okawaru.
Okawaru was pleased with you.
You visited 2 branches of the dungeon, and saw 9 of its levels.
You also visited: Sewer.

You collected 358 gold pieces.
You spent 60 gold pieces at shops.

Inventory:

Hand Weapons
 a - a +3 trident (weapon)
 i - a +0 mace
Missiles
 h - 63 poisoned darts (quivered)
 y - a throwing net
Armour
 b - a +0 robe
 f - a +0 scale mail
 k - a +0 chain mail
 C - a +0 kite shield (worn)
 G - a +0 plate armour (worn)
Jewellery
 z - an amulet of reflection (around neck)
Wands
 v - a wand of acid (3)
 A - a wand of mindburst (11)
Scrolls
 d - a scroll of vulnerability {unknown}
 e - 4 scrolls of teleportation
 g - 2 scrolls of enchant weapon {unknown}
 j - 2 scrolls of magic mapping {unknown}
 l - a scroll of silence {unknown}
 p - 3 scrolls of blinking {unknown}
 r - 2 scrolls of enchant armour {unknown}
 t - a scroll of noise {unknown}
 w - 6 scrolls of identify {unknown}
 B - a scroll of amnesia {unknown}
 D - a scroll of acquirement {unknown}
Potions
 c - a potion of berserk rage {unknown}
 m - 2 potions of magic {unknown}
 n - 3 potions of heal wounds {unknown}
 o - 3 potions of might {unknown}
 q - a potion of brilliance {unknown}
 s - 2 potions of invisibility {unknown}
 u - 2 potions of cancellation {unknown}
 x - a potion of curing {unknown}
 E - a potion of attraction {unknown}
 F - a potion of degeneration {unknown}


   Skills:
 - Level 8.0 Fighting
 - Level 5.2 Maces & Flails
 + Level 10.7 Polearms
 - Level 1.0 Armour
 - Level 3.2 Dodging
 - Level 1.5 Stealth
 + Level 8.0 Shields


You had 8 spell levels left.
You didn't know any spells.
Your spell library contained the following spells:

 Spells                   Type           Power      Damage    Failure   Level
 Call Canine Familiar     Summ           0%         N/A       100%        3
 Portal Projectile        Hex/Tloc       0%         N/A       100%        3
 Leda's Liquefaction      Hex/Erth       0%         N/A       100%        4


Dungeon Overview and Level Annotations

Branches:
Dungeon (8/15)             Temple (1/1) D:6           Sewer (visited)
   Lair: D:8-11

Altars:
Ashenzari
Elyvilon
Gozag
Hepliaklqana
Kikubaaqudgha
Nemelex Xobeh
Okawaru
Sif Muna
Uskayaw
Wu Jian
Xom
Zin
The Shining One

Shops:
D:3 ?   D:5 *


Innate Abilities, Weirdness & Mutations

You have a pair of horns on your head.
You reflexively headbutt those who attack you in melee.


Message History

An orc wizard comes into view. It is wielding a +0 dagger.
The orc wizard shouts!
An orc comes into view. It is wielding a +0 dagger.
The orc shouts!
A centaur comes into view.
The centaur shouts!
The centaur wields a +0 shortbow.
The centaur shoots an arrow.
The arrow hits you!
An orc comes into view. It is wielding a +0 falchion.
The centaur wields a shortbow.
The centaur shoots an arrow.
The arrow hits you.
The orc wizard hits you with a +0 dagger.
Found 18 gold pieces and a mace.
A centaur comes into view. It is wielding a +0 shortbow.
The centaur shoots an arrow.
The arrow hits you!
* * * LOW HITPOINT WARNING * * *
The centaur shoots an arrow.
The arrow hits you!
* * * LOW HITPOINT WARNING * * *
The orc hits you with a +0 dagger.
The centaur shoots an arrow.
The arrow hits you.
* * * LOW HITPOINT WARNING * * *
The centaur shoots an arrow.
The arrow hits you.
The orc wizard hits you with a +0 dagger.
The orc hits you but does no damage. The orc hits you with a +0 falchion.
* * * LOW HITPOINT WARNING * * *
The orc wizard hits you with a +0 dagger.
* * * LOW HITPOINT WARNING * * *
The centaur shoots an arrow.
The arrow hits you.
* * * LOW HITPOINT WARNING * * *
The orc barely misses you.
The centaur shoots an arrow.
The arrow hits you.
* * * LOW HITPOINT WARNING * * *
The orc hits you with a +0 falchion.
* * * LOW HITPOINT WARNING * * *
The orc wizard hits you with a +0 dagger.
The orc hits you but does no damage.
The centaur shoots an arrow.
The arrow hits you!
* * * LOW HITPOINT WARNING * * *
The orc barely misses you. The steam dragon breathes steam at you.
The ball of steam hits you!
You die...

..'.†...§#######
#......#.#.##.#.
..######## #...
#......#.#....#+
### ####c..
#......#.##....
#......
#......#.. ....
#...... )....
####...### .
+.......D##...#
#.....@o.....#
+.....oo.....#
#...........#.
+......c....#
#...........#
#...........#
#...........#
#...........#


You could see a steam dragon (catching breath), 2 centaurs, an orc wizard and 2
orcs.

Vanquished Creatures
  A steam dragon (D:8)
  4 water moccasins
  2 orc warriors
  2 sky beasts
  2 necrophages
  A phantom (D:3)
  The ghost of JBAR the Sneak, an amateur OpBr (D:3)
  2 centaurs
  A kobold brigand (D:8)
  2 bullfrogs
  A gnoll sergeant (D:5)
  A wyvern zombie (D:8)
  A water moccasin zombie (D:5)
  2 scorpions
  A water moccasin skeleton (D:5)
  3 centaur zombies
  2 bullfrog zombies
  2 hounds (D:4)
  2 orc priests (D:4)
  A jelly (D:6)
  2 centaur skeletons
  Jessica (D:2)
  2 iguanas
  5 orc wizards
  2 killer bee zombies
  A hound zombie (D:5)
  11 adders
  5 gnolls (D:5)
  8 river rats
  A shadow imp (D:7)
  An adder skeleton (D:4)
  8 worms (D:4)
  2 dart slugs
  22 orcs
  7 ball pythons
  4 endoplasms
  3 giant cockroaches
  5 goblins
  12 hobgoblins
  A jackal (D:3)
  28 kobolds
  3 quokkas
  6 bats
  7 frilled lizards
  22 rats
203 creatures vanquished.

Notes
Turn   | Place    | Note
-------+----------+-------------------------------------------
     0 | D:1      | SnakkuSnakku7 the Minotaur Monk began the quest for the
                  | Orb.
     0 | D:1      | Reached XP level 1. HP: 19/19 MP: 0/0
   140 | D:1      | Reached XP level 2. HP: 19/27 MP: 1/1
  1052 | D:2      | Reached XP level 3. HP: 16/34 MP: 2/2
  1187 | D:2      | Noticed Jessica
  1192 | D:2      | Killed Jessica
  1193 | D:2      | Reached skill level 1 in Armour
  1193 | D:2      | Reached XP level 4. HP: 33/41 MP: 3/3
  1413 | D:2      | Found a faded altar of an unknown god.
  1418 | D:2      | Reached skill level 5 in Maces & Flails
  1563 | D:3      | Found Duugot's Magic Scroll Emporium.
  1570 | D:3      | Bought a scroll of teleportation for 30 gold pieces
  1570 | D:3      | Bought a scroll of teleportation for 30 gold pieces
  1596 | D:3      | Reached skill level 5 in Fighting
  1720 | D:3      | Found a runed translucent gate.
  1720 | D:3      | Found a runed translucent gate.
  1723 | D:3      | Found a runed translucent gate.
  1737 | D:3      | Noticed JBAR's ghost (amateur OpBr)
  1750 | D:3      | Killed JBAR's ghost
  1751 | D:3      | Reached skill level 2 in Polearms
  1751 | D:3      | Reached XP level 5. HP: 33/50 MP: 4/4
  1844 | D:3      | Found a glowing golden altar of the Shining One.
  1917 | D:3      | Noticed a phantom
  1932 | D:3      | Killed a phantom
  1933 | D:3      | Reached skill level 3 in Polearms
  1933 | D:3      | Reached XP level 6. HP: 27/57 MP: 5/5
  2623 | D:4      | Found a glowing drain.
  2627 | D:4      | Reached skill level 4 in Polearms
  2635 | Sewer    | Entered a sewer
  2927 | Sewer    | Reached XP level 7. HP: 59/66 MP: 6/6
  3162 | D:4      | Found a shimmering altar of Xom.
  3246 | D:4      | Reached skill level 5 in Polearms
  3595 | D:5      | Entered Level 5 of the Dungeon
  3779 | D:5      | Reached skill level 6 in Polearms
  3857 | D:5      | Reached skill level 7 in Polearms
  3932 | D:5      | Reached skill level 1 in Shields
  3932 | D:5      | Reached XP level 8. HP: 33/74 MP: 7/7
  3958 | D:5      | Found Minebeibb's General Store.
  4235 | D:5      | Reached skill level 8 in Polearms
  4467 | D:6      | Identified the +8 hand axe of Accord {vorpal, rF+ Will+
                  | Int+4}
  4771 | D:6      | Found a staircase to the Ecumenical Temple.
  4993 | D:6      | Reached skill level 5 in Shields
  5034 | Temple   | Entered the Ecumenical Temple
  5096 | Temple   | Became a worshipper of Warmaster Okawaru
  5096 | Temple   | Reached * piety under Okawaru
  5096 | Temple   | Reached ** piety under Okawaru
  5222 | D:6      | Reached skill level 9 in Polearms
  5569 | D:7      | Reached XP level 9. HP: 80/81 MP: 8/8
  5841 | D:7      | Reached skill level 10 in Polearms
  5882 | D:7      | Found a hazy altar of Hepliaklqana.
  5882 | D:7      | Found a hide-covered altar of Uskayaw.
  6021 | D:7      | You fall into a shaft and drop 1 floor!
  6573 | D:8      | Noticed a gargoyle
  6574 | D:8      | Noticed a two-headed ogre
  6584 | D:8      | Noticed a catoblepas
  6638 | D:8      | HP: 4/81 [centaur/arrow (3)]
  6638 | D:8      | Killed from afar by a steam dragon

Illustrated notes

Levels and vault maps discovered:
D:1:      wander_arrival_chamber, layout_basic
D:2:      layout_loops_ring, shapermc_ecumenical_altar_pompeii, uniq_jessica
D:3:      layout_loops_corners, mainiacjoe_overflow_tiny_flanked, serial_shops,
          shop_statue, gammafunk_ghost_split, wad_orctagon
D:4:      layout_gridville, xom_butterflies, lightli_sewer_entry_pipes,
          amethyst_killhole
D:5:      layout_gridville, serial_shops, kennysheep_mini
D:6:      layout_basic, lemuel_temple_firewalk_b
D:7:      layout_basic, grunt_temple_overflow_open, serial_rivers,
          chequers_serial_rivers_room_b, chequers_serial_rivers_room_b,
          chequers_serial_rivers_small_a, chequers_serial_rivers_micro_e,
          chequers_serial_rivers_marsh, chequers_serial_rivers_large_b
D:8:      minmay_clustersquares, layout_basic
Temple:   dpeg_five_rooms_temple

Skill      XL: |  1  2  3  4  5  6  7  8  9 |
---------------+----------------------------+-----
Fighting       | 4 5 6 7 8 |  8.0
Maces & Flails | 4 5 |  5.2
Armour         | 1 |  1.0
Polearms       | 2 3 4 7 9 10 | 10.7
Shields        | 1 6 8 |  8.0
Dodging        | |  3.2
Stealth        | |  1.5

Action                   |  1- 3 |  4- 6 |  7- 9 || total
-------------------------+-------+-------+-------++-------
Melee: Mace              |    65 |    22 |       ||    87
       Headbutt          |     7 |    40 |    56 ||   103
       Trident           |       |   199 |   313 ||   512
Throw: Dart              |       |       |     2 ||     2
Evoke: Wand              |       |       |     4 ||     4
  Use: Scroll            |       |       |     1 ||     1
 Stab: Sleeping          |     1 |       |       ||     1
Armor: Robe              |     7 |       |       ||     7
       Scale mail        |    18 |    23 |       ||    41
       Chain mail        |       |    66 |    81 ||   147
       Plate armour      |       |       |    21 ||    21
Dodge: Dodged            |    32 |   115 |    57 ||   204
Block: Other             |       |       |     5 ||     5
       Kite shield       |       |       |   150 ||   150
       Reflection        |       |       |     2 ||     2
